Cogmind - Beta 16.1 @@@ ROGUE MODE // 2026.03.16 @ 08:57:27 Player: Ragnakor Result: Destroyed by G-34 Mercenary with Small Laser Performance ------------- Evolutions (0) 0 Regions Visited (1) 200 Robots Destroyed (12) 60 Value Destroyed (226) 226 Prototype IDs (0) 0 Alien Tech Used (0) 0 Bonus (0) 0 TOTAL SCORE: 486 Bonus ------- None Cogmind --------- Core Integrity 0/250 Matter 300/300 Energy 92/100 System Corruption 0% Temperature Hot (254) Movement Walking (120) Location -10/Materials Parts ------- > --- POWER (1) -------- (None) > --- PROPULSION (2) --- Aluminum Leg Aluminum Leg > --- UTILITY (2) ------ Small Storage Unit Improved Terrain Scanner > --- WEAPON (2) ------- Small Laser > --- INVENTORY (8) ---- Wheel Peak State ------------ > --- POWER ------------ Ion Engine > --- PROPULSION ------- Aluminum Leg Aluminum Leg > --- UTILITY ---------- Small Storage Unit Improved Terrain Scanner > --- WEAPON ----------- Medium Laser Assault Rifle > --- INVENTORY -------- EM Pulse Gun [Rating: 9] Favorites ----------- Power Ion Engine Engine Ion Engine Propulsion Aluminum Leg Leg Aluminum Leg Utility Small Storage Unit Device Improved Terrain Scanner Storage Small Storage Unit Weapon Medium Laser Energy Gun Medium Laser Ballistic Gun Assault Rifle Build | -11 -10 ------- Run | Yrd Mat Slots Evolved . | . . Power . | . . Propulsion . | . . Utility . | . . Weapon . | . . Parts Attached 12 | 7 5 Power 3 | 1 2 Engine 3 | 1 2 Core . | . . Reactor . | . . Propulsion 3 | 2 1 Treads . | . . Leg 3 | 2 1 Wheel . | . . Hover . | . . Flight . | . . Utility 2 | 2 . Device 1 | 1 . Storage 1 | 1 . Processor . | . . Hackware . | . . Protection . | . . Artifact . | . . Weapon 4 | 2 2 Energy Gun 3 | 1 2 Energy Cannon . | . . Ballistic Gun 1 | 1 . Ballistic Cannon . | . . Launcher . | . . Special Weapon . | . . Impact Weapon . | . . Slashing Weapon . | . . Piercing Weapon . | . . Special Melee Weapon . | . . Unidentified Prototypes . | . . Parts Lost 7 | . 7 Power 3 | . 3 Propulsion 1 | . 1 Utility . | . . Weapon 3 | . 3 Highest Loss Streak 6 | . 6 To Critical Strikes . | . . Average Backups 1 | . 2 Power . | . . Propulsion . | . 1 Utility . | . . Weapon . | . . Tool/Special . | . . Unused Backups 1 | . 1 Power . | . . Propulsion 1 | . 1 Utility . | . . Weapon . | . . Tool/Special . | . . Average Slot Usage (%) 94 | . 94 Engine 12 | . 12 Leg 27 | . 27 Device 14 | . 14 Storage 14 | . 14 Energy Gun 15 | . 15 Ballistic Gun 9 | . 9 Peak Build Rating 9 | 9 9 Average Rating 7 | 5 8 On Entrance 4 | . 9 Avg Prop Armor Cover (%) . | . . Naked Turns . | . . Heaviest Build 15 | 15 15 Greatest Support 20 | 20 20 Greatest Overweight (x) 1 | 1 1 Average Overweight (x) . | . . Largest Inventory Capacity 8 | 8 8 Average Capacity 7 | 7 8 Most Carried 3 | 2 3 Average Carried 1 | . 2 Final Capacity 8 | 8 8 Final Carried 2 | 2 1 Class Distribution -------------------- 100% | Mutant Dominant Class ---------------- Mutant | -10/Materials Resources | -11 -10 ----------- Run | Yrd Mat Matter Collected 388 | 294 94 Remotely . | . . Salvage Created 441 | 117 324 Parts 21 | 8 13 Haulers Intercepted . | . . Recyclers Shooed . | . . Parts Field Recycled . | . . Retrieved Matter . | . . Parts Self-Destructed . | . . Prevented . | . . Parts Restored . | . . Kills | -11 -10 ------- Run | Yrd Mat Combat Hostiles Destroyed 6 | . 6 Guns 5 | . 5 AOE 1 | . 1 Classes Destroyed 5 | 2 3 Tunneler 2 | 2 . Recycler 3 | 1 2 Watcher 1 | . 1 Swarmer 3 | . 3 Grunt 3 | . 3 Best Kill Streak 3 | 3 3 Combat Bots Only 3 | . 3 Max Kills in Single Turn 2 | 1 2 Gunslinging 1 | . 1 Exploded 1 | . 1 Melee . | . . Uniques/NPCs Destroyed . | . . Combat | -11 -10 -------- Run | Yrd Mat Hostile Shots Fired 85 | . 85 Missed 18 | . 18 Hits 67 | . 67 Projectile 67 | . 67 Critical Strikes 3 | . 3 Damage Taken 983 | . 983 Core 261 | . 261 Absorbed by Shields . | . . Core Remaining (%) 100 | 100 . Volleys Fired 52 | 10 42 Largest 2 | 2 2 Hottest 80 | 70 80 Shots Fired 82 | 20 62 Gun 82 | 20 62 Cannon . | . . Launcher . | . . Special . | . . Kinetic 26 | 10 16 Thermal 43 | 10 33 Explosive . | . . Electromagnetic 13 | . 13 Robot Hit Streak 5 | 3 5 Robot Miss Streak 5 | 3 5 Penetration Max . | . . Secondary Targets 1 | . 1 Max Gunslinging Chain 1 | . 1 Shots Hit Robots 41 | 10 31 Core Hits 19 | 4 15 Critical Kills . | . . Critical Parts Destroyed 1 | 1 . Critical Strikes 2 | 2 . Burn 1 | 1 . Destroy 1 | 1 . Melee Attacks . | . . Impact . | . . Slashing . | . . Piercing . | . . Sneak Attacks . | . . Combat Hostiles . | . . Follow-up Attacks . | . . Damage Inflicted 632 | 139 493 Guns 535 | 139 396 Cannons . | . . Explosions 97 | . 97 Melee . | . . Ramming . | . . Kinetic 193 | 77 116 Thermal 281 | 62 219 Explosive 63 | . 63 Electromagnetic 95 | . 95 Impact . | . . Slashing . | . . Piercing . | . . Highest Corruption . | . . Average Corruption . | . . Corruption Purged . | . . Corruption Blocked . | . . Overload Shots . | . . Overflow Damage 15 | . 15 Projectiles . | . . Explosions 15 | . 15 Melee . | . . Knockbacks . | . . Impact . | . . Kinetic . | . . Secondary . | . . Self-Inflicted Damage 206 | . 206 Shots 3 | . 3 Rammed . | . . Targets Rammed . | . . Kicked . | . . Crushed . | . . Highest Temperature 253 | 54 253 Average Temperature 80 | 20 97 Received Heat Transfer 402 | . 402 Siege Activations . | . . Martial Activations . | . . Shielding Activations . | . . Robots Disrupted . | . . Combat Hostiles . | . . Robots Corrupted . | . . Combat Hostiles . | . . Parts Fried . | . . Impact Corruptions . | . . Robots Melted . | . . Combat Hostiles . | . . Parts Melted . | . . Heat Transferred 769 | 259 510 Parts Sabotaged . | . . Parts Stolen . | . . Parts Stripped . | . . Power Chain Reactions 1 | . 1 Alert | -11 -10 ------- Run | Yrd Mat Maximum Alert Level . | . . Low Security (%) 100 | 100 100 Level 1 . | . . Level 2 . | . . Level 3 . | . . Level 4 . | . . Level 5 . | . . High Security . | . . Max Security . | . . Peak Influence 108 | 10 108 Initial . | . . Average 33 | 1 47 Influence Increases 243 | 15 228 Destroy 0b10 Robot/C 120 | . 120 Destroy 0b10 Robot/NC 30 | 15 15 Destroy Leader 32 | . 32 Disable Machine 30 | . 30 Destroy Structure 31 | . 31 Influence Decreases 175 | 15 160 Time Decay 105 | 15 90 Lost Part 70 | . 70 Squads Dispatched . | . . Investigation . | . . Extermination . | . . Reinforcement . | . . Assault . | . . Garrison . | . . Intercept . | . . Searches Triggered . | . . Construction Impeded . | . . Haulers Reinforced . | . . Active Scanning Responses . | . . Cargo Convoy Interrupts . | . . Stealth | -11 -10 --------- Run | Yrd Mat Distress Signals 1 | . 1 Communications Jammed . | . . Distress Signals . | . . Times Spotted 8 | . 8 Peak Tracking Total 4 | . 4 Tactical Retreats . | . . Traps | -11 -10 ------- Run | Yrd Mat Traps Triggered . | . . Indirectly . | . . Trap Hack Attempts . | . . Triggered . | . . Disarmed . | . . Reprogrammed . | . . Reused . | . . Traps Extracted . | . . Installed . | . . Triggered . | . . Machines | -11 -10 ---------- Run | Yrd Mat Machines Disabled 2 | . 2 Max in Single Turn 2 | . 2 Machines Repaired . | . . Machines Dismantled . | . . Machines Sabotaged . | . . Overloaded Fab Kills . | . . Hacking | -11 -10 --------- Run | Yrd Mat Machines Accessed . | . . Terminals . | . . Fabricators . | . . Repair Stations . | . . Recycling Units . | . . Scanalyzers . | . . Garrison Access . | . . Total Hacks . | . . Successful . | . . Failed . | . . Catastrophic . | . . Database Lockouts . | . . Manual . | . . Terminals . | . . Fabricators . | . . Repair Stations . | . . Recycling Units . | . . Scanalyzers . | . . Garrison Access . | . . Terminal Hacks . | . . Fabricator Hacks . | . . Repair Station Hacks . | . . Recycling Unit Hacks . | . . Scanalyzer . | . . Garrison Access Hacks . | . . Unauthorized Hacks . | . . Terminals . | . . Fabricators . | . . Repair Stations . | . . Recycling Units . | . . Scanalyzers . | . . Garrison Access . | . . Data Cores Recovered . | . . Used . | . . Hacking Detections . | . . Full Trace Events . | . . Feedback Events . | . . Feedback Blocked . | . . Robot Schematics Acquired . | . . Robots Built . | . . Authchips . | . . Time . | . . Total Robot Build Rating . | . . Part Schematics Acquired . | . . Parts Built . | . . Authchips . | . . Time . | . . Total Part Build Rating . | . . Part Studies Acquired . | . . Parts Repaired . | . . Time . | . . Parts Recycled . | . . Recycled Matter . | . . Retrieved Matter . | . . Retrieved Components . | . . Parts Scanalyzed . | . . Part Schematics Acquired . | . . Parts Damaged . | . . Bothacking | -11 -10 ------------ Run | Yrd Mat Used RIF Installer . | . . Robots Hacked . | . . Non-combat . | . . Combat . | . . Robot Hacks Applied . | . . Relay Couplers Released . | . . Fabnet Peak Effective % . | . . Robots Rewired . | . . Allies Hacked . | . . Hacks Repelled . | . . Allies | -11 -10 -------- Run | Yrd Mat Total Allies . | . . Largest Group . | . . Highest-Rated Group . | . . Highest-Rated Ally . | . . Total Orders . | . . Ally Attacks . | . . Total Damage . | . . Kills . | . . Allies Corrupted . | . . Allies Melted . | . . Intel | -11 -10 ------- Run | Yrd Mat Active Infowar (turns) 275 | 31 244 Terrain 275 | 31 244 Robot Analysis Total . | . . Derelict Logs Recovered . | . . Drone Launches . | . . Drone Recoveries . | . . Exploration | -11 -10 ------------- Run | Yrd Mat Turns Passed 359 | 115 244 Spaces Moved 162 | 56 106 Core 5 | 5 . Treads . | . . Legs 157 | 51 106 Wheels . | . . Hover . | . . Flight . | . . Fastest Speed 50 | 50 120 Average Speed 125 | 131 121 Slowest Speed 190 | 190 190 Overloaded Moves . | . . Propulsion Burnouts . | . . Robots Hopped . | . . Potential Cave-ins . | . . Cave-ins Triggered . | . . Exploration Rate (%) 13 | 3 23 Regions Visited 1 Branch Regions . Pre-discovered Areas . | . . Known Exits Taken . | . . Unknown Exits Taken 1 | 1 . Scrap Searched . | . . Spaces Dug . | . . Terrain Destroyed 28 | . 28 Melee . | . . Projectile . | . . AOE 28 | . 28 Terrain Rammed . | . . Walls Destroyed . | . . Machines Disabled . | . . Actions | -11 -10 --------- Run | Yrd Mat Total 232 | 74 158 Wait 3 | . 3 Move 161 | 55 106 Hop . | . . Pick Up 3 | 2 1 Fast Attach 10 | 7 3 Attach 2 | . 2 Detach . | . . Swap 1 | . 1 Drop . | . . Fire 52 | 10 42 Melee . | . . Ram . | . . Kick . | . . Crush . | . . Escape Stasis . | . . Rewire . | . . Trap . | . . Miscellaneous . | . . Route ------- -11/Scrapyard -10/Materials History --------- Turn | Location | Event 12 | -11/Scrapyard | Discovered new exit (range 16) 116 | -11/Scrapyard | Entered Materials 284 | -10/Materials | Core integrity fell below 50% 328 | -10/Materials | Core integrity fell below 20% 334 | -10/Materials | Build established: Mutant 351 | -10/Materials | Lost 6 parts (2p1n3w) 360 | -10/Materials | Destroyed by G-34 Mercenary with Small Laser Last Messages --------------- 00320_ EM Pulse Gun destroyed. 00320_ K-01 Serf collects debris. 00320_ U-05 Engineer lays Concrete. 00322_ K-01 Serf collects debris. 00322_ U-05 Engineer lays Concrete. 00323_ Critical hit (Burn: +37). 00324_ U-05 Engineer lays Concrete. 00327_ U-05 Engineer builds a Wall. 00327_ U-05 Engineer lays Concrete. 00334_ G-47 Trooper heat short circuits Particle Gun. 00335_ G-47 Trooper destroyed. 00335_ U-05 Engineer lays Concrete. 00337_ U-05 Engineer builds a Wall. 00337_ U-05 Engineer lays Concrete. 00339_ Acquired 5 matter. 00340_ U-05 Engineer lays Concrete. 00348_ K-01 Serf collects debris. 00358_ Ion Engine destroyed. 00359_ K-01 Serf collects debris. Map ----- +----------------------------------------------------+ | ???????????????????????????????????????????????? | | ???????????????????????????????????????????????? | | ???????????????????????????????????????????????? | | ???????????????????????????????????????????????? | | ???????????????????????????????????????????????? | | ?????????????????????????????? ????????????????? | | ???????????????????????????????????? ??? ????? | | ???????????????????????????????????# ??? #???? | | ????????????????????????#?????????## ### #???? | | ????????????????????#?????????????# #???? | | ????????????????#????????#????????# #???? | | ????????????????????#???##????????+ #??? | | ????????????????????????????? ????# ^ ^#?? | | ?????????????????#????#??? ?? ?? ?# ### | | ???????????????? ?? ?#+######## | | ?????????????## """ "?" ?# # # ? | | ??????????? ?/ "Rk """ ?# ## # ??? | | ???????????? ?# """ """ ## ## # #??#? | | ??????????????# # + # #? | | ??????????????# # u# # # "T" | | ????????????? # # # # # | | ????????????? ?? = # %=#! + + """ | | ???????????????#???##/### %# # # """ | | ?????????# ###### u # # #???? | | ?????????# = # # +???? | | ?????????????####### @= # ###?#?? | | ???????????????#[[ g ###### #?????? | | ?????????#?#???#[[ ????### ## #?????? | | ???????????????#!! ???????##### #####?? | | ???????????????#!! ???????????# ##??? | | ???????????????#** ?#??????#???# #???? | | ???????????????#** ????????????# #???? | | ???????????????##### ???############+## ##??? | | ????????????????? ? ?#?## % # #??#? | | ??????????????????? ? #??# # #???? | | ?????????????????? ?????# # #???? | | ???????????????#??## ?????# # #???? | | ???????????????????# ?????# # #??#? | | ???????????????????#??????#########+#### #???? | | ????????????????????? ????????##??# #???# | | ?????????????????????? ??????#??#?# #???? | | ??????????????????????????????????# #???# | | ???????????????????????????????######+## #???? | | ????????????????????????????????# # #???? | | ????????????????????????????????# """ #####??#? | | ????????????????????????????????# """ #???????? | | ???????????????????????????????## """ #???????? | | ????????????????????????????????# #???????? | | ????????????????????????????????# #???##??? | | ?????????????????????????????##?########???#???? | +----------------------------------------------------+ Best States ------------- Heat Dissipation 25 Energy Generation 10 Energy Capacity 250 Matter Stores 300 Matter Capacity 300 Sight Range 16 Terrain Scan Range 16 Terrain Scan Density 10 Evasion (%) 55 Item Schematics ----------------- None Robot Schematics ------------------ None Fabricated ------------ Nothing Repaired ---------- Nothing Studied --------- None Alien Tech Used ----------------- None Achievements -------------- None Challenges ------------ None Game ------ Seed CatalystCoolantDoublenader Manual? 0 Play Time 00:04:09 Cumulative 30.2 hours Start 2026.03.16 @ 08:53:55 End 2026.03.16 @ 08:57:27 Sessions 1 Manual Loads 0 Difficulty Rogue Special Mode None Game No. 55 Rogue 55 Adventurer 0 Explorer 0 Win Type - Total 0 Types 0/0/0/0/0/0/0/0/0/0 Lore% 25 Gallery% 24 Achievement% 21 Wizard Run 0 Options --------- Layout 1 ASCII 0 Keyboard 0 Movement Numpad Keybinds 0 Fullscreen 1 Font 24/Smallcaps Map View 50x35 Zoom Use 0% Tactical HUD 1 Map Filters NONE Filters NONE Steam 1 RUN: 5bb878c9-39c3-46fd-bd16-6d3c2f534bad